 Dungeon Crawl Stone Soup version 0.22-a0-422-g9628fc8 (webtiles) character file.

7555 Mgcat the Zephyrmancer (level 10, -5/78 HPs)
             Began as a Yellow Draconian Air Elementalist on May 20, 2018.
             Was a Priest of Vehumet.
             Slain by a yak (17 damage)
             ... on level 9 of the Dungeon.
             The game lasted 00:33:42 (10957 turns).

Mgcat the Zephyrmancer (DrAE)                      Turns: 10957, Time: 00:33:42

Health: -5/78      AC: 12    Str:  8 (11) XL:     10   Next: 96%
Magic:  16/22      EV: 13    Int: 16 (19) God:    Vehumet [***...]
Gold:   361        SH:  0    Dex: 10 (11) Spells: 9/25 levels left

rFire    . . .     SeeInvis .   s - +5 flail (crush)
rCold    . . .     Gourm    .   (no shield)
rNeg     . . .     Faith    .   (armour unavailable)
rPois    +         Spirit   .   (helmet restricted)
rElec    .         Reflect  .   n - +1 cloak
rCorr    +         Harm     .   E - +0 pair of gloves
MR       .....                  (no boots)
Stlth    ++........             (no amulet)
HPRegen  0.23/turn              f - ring of poison resistance {rPois, !d}
MPRegen  0.18/turn              c - +2 ring of protection

@: swift, very quick
A: spit acid, acid resistance, unfitting armour, cold-blooded, AC +7
a: Breathe Acid, Renounce Religion


You were on level 9 of the Dungeon.
You worshipped Vehumet.
Vehumet was most pleased with you.
You were not hungry.

You visited 1 branch of the dungeon, and saw 9 of its levels.

You collected 361 gold pieces.

Inventory:

Hand Weapons
 s - a +5 flail of crushing (weapon)
   (You took it off Edmund on level 5 of the Dungeon)
Missiles
 e - 8 curare-tipped needles
 u - 118 stones (quivered)
 y - a throwing net {=f, !d}
Armour
 n - a +1 cloak (worn)
   (You found it on level 3 of the Dungeon)
 E - a +0 pair of gloves (worn)
   (You found it on level 8 of the Dungeon)
Jewellery
 c - a +2 ring of protection (right hand)
   (You found it on level 3 of the Dungeon)
 f - a ring of poison resistance (left hand) {rPois, !d}
   (You found it on level 1 of the Dungeon)
 g - a +2 ring of dexterity
   (You found it on level 1 of the Dungeon)
Wands
 d - a wand of flame (23)
   (You took it off an orc on level 9 of the Dungeon)
 l - a wand of random effects (25)
   (You took it off Dowan on level 6 of the Dungeon)
 w - a wand of enslavement (8)
   (You found it on level 6 of the Dungeon)
 C - a wand of scattershot (4)
   (You took it off Pikel on level 8 of the Dungeon)
Scrolls
 a - 3 scrolls of remove curse
 i - 4 scrolls of teleportation
Potions
 k - a potion of mutation {!q}
 m - a potion of invisibility
 q - a potion of flight {unknown}
 t - a potion of cancellation
 x - a potion of degeneration {!q}
 z - a potion of magic
 D - a potion of ambrosia {unknown}
Comestibles
 b - 9 rations
 h - 3 chunks of flesh {@w0}


   Skills:
 + Level 3.7 Fighting
 + Level 3.7 Dodging
 - Level 1.7 Stealth
 + Level 8.3 Spellcasting
 + Level 8.8 Conjurations
 + Level 9.4 Air Magic
 + Level 5.2 Earth Magic


You had 9 spell levels left.
You knew the following spells:

 Your Spells              Type           Power        Failure   Level  Hunger
a - Shock                 Conj/Air       ####         1%          1    None
b - Swiftness             Chrm/Air       ###.....     2%          2    None
c - Static Discharge      Conj/Air       #####...     1%          3    #......
d - Airstrike             Air            #####.....   1%          4    ###....
e - Lightning Bolt        Conj/Air       #####.....   1%          5    #####..
f - Sandblast             Erth           ###...       1%          1    None

Your spell library contained the following spells:

 Spells                   Type           Power        Failure   Level  Hunger
 Magic Dart               Conj           ####         1%          1    None
 Confuse                  Hex            #.......     32%         3    #......
 Iskenderun's Mystic Bla  Conj           ####....     1%          4    ###....
 Confusing Touch          Hex            #.....       11%         1    None
 Metabolic Englaciation   Hex/Ice        #.........   96%         5    #####..
 Petrify                  Tmut/Erth      ###.....     36%         4    ###....
 Fulminant Prism          Conj/Hex       ###.......   4%          4    ###....
 Dazzling Spray           Conj/Hex       ###...       1%          3    #......
 Force Lance              Conj/Tloc      ###.....     4%          4    ###....
 Searing Ray              Conj           ####..       1%          2    None
 Gell's Gravitas          Tloc           #.........   32%         3    #......
 Yara's Violent Unravell  Hex/Tmut       #.........   56%         5    #####..


Dungeon Overview and Level Annotations

Branches:
Dungeon (9/15)             Temple (0/1) D:5
   Lair: D:8-11         Orc: D:9-12

Altars:
Cheibriados
Dithmenos
Elyvilon
Fedhas
Gozag
Hepliaklqana
Kikubaaqudgha
Makhleb
Qazlal
Ru
Sif Muna
Uskayaw
Vehumet
Wu Jian
Zin

Shops:
D:4 [

Annotations:
D:3 exclusion: oklob plant


Innate Abilities, Weirdness & Mutations

You can spit globs of acid.
You are resistant to acid.
Your golden yellow scales are hard. (AC +7)
You cannot fit into any form of body armour.
You are cold-blooded and may be slowed by cold attacks.


Message History

The yak barely misses you. The yak completely misses you. The yak gores you.
Casting: Airstrike (safe; 1% risk of failure)
Confirm with . or Enter, or press ? or * to list all spells.
The yak is struck by lightning.
The yak is lightly wounded.
The lightning arcs!
The yak is struck by lightning.
The yak is lightly wounded.
The lightning grounds out.
The yak is struck by lightning.
The yak is moderately wounded.
The lightning arcs!
The yak is struck by lightning.
The yak is moderately wounded.
The lightning grounds out.
The yak is struck by lightning.
The yak is lightly wounded.
The lightning arcs!
The yak is struck by lightning.
The yak is moderately wounded.
The lightning arcs!
The yak is struck by lightning.
The yak is heavily wounded.
The lightning grounds out.
The yak is struck by lightning.
The yak is lightly wounded.
The lightning arcs!
The yak is struck by lightning.
The yak is severely wounded.
The lightning arcs!
The yak is struck by lightning.
The yak is severely wounded.
The lightning grounds out.
The yak bellows!
The yak gores you but does no damage. The yak gores you. The yak gores you!
The yak barely misses you.
Casting: Static Discharge (safe; 1% risk of failure)
Confirm with . or Enter, or press ? or * to list all spells.
The yak is struck by lightning.
The yak is severely wounded.
The lightning arcs!
The yak is struck by lightning.
The yak is moderately wounded.
The lightning arcs!
You are struck by lightning.
The lightning grounds out.
The yak is struck by lightning.
The yak is severely wounded.
The lightning arcs!
The yak is struck by lightning.
The yak is heavily wounded.
The lightning arcs!
You are struck by lightning.
The lightning grounds out.
The yak is struck by lightning.
The yak is moderately wounded.
The lightning arcs!
You are struck by lightning.
The lightning grounds out.
The yak is struck by lightning.
The yak is heavily wounded.
The lightning arcs!
The yak is struck by lightning.
The yak is lightly wounded.
The lightning arcs!
The yak is struck by lightning.
The yak is severely wounded.
The lightning grounds out.
The yak closely misses you. The yak gores you but does no damage.
The yak barely misses you. The yak gores you!
Casting: Static Discharge (safe; 1% risk of failure)
Confirm with . or Enter, or press ? or * to list all spells.
The yak is struck by lightning.
You kill the yak!
Vehumet accepts your kill.
You feel your power returning.
The lightning grounds out.
The yak is struck by lightning.
You kill the yak!
Vehumet accepts your kill.
You feel your power returning.
The lightning arcs!
The yak is struck by lightning.
The yak is almost dead.
The lightning grounds out.
The yak gores you. The yak closely misses you.
Casting: Static Discharge (safe; 1% risk of failure)
Confirm with . or Enter, or press ? or * to list all spells.
The yak is struck by lightning.
The yak is moderately wounded.
The lightning arcs!
You are struck by lightning.
The lightning grounds out.
The yak is struck by lightning.
You kill the yak!
Vehumet accepts your kill.
You feel your power returning.
The lightning arcs!
The yak is struck by lightning.
The yak is moderately wounded.
The lightning grounds out.
The yak is struck by lightning.
The yak is heavily wounded.
The lightning arcs!
You are struck by lightning.
The lightning arcs!
The yak is struck by lightning.
The yak is heavily wounded.
The lightning grounds out.
The yak is struck by lightning.
The yak is heavily wounded.
The lightning arcs!
You are struck by lightning.
The lightning arcs!
The yak is struck by lightning.
The yak is severely wounded.
The lightning grounds out.
The yak gores you.
* * * LOW HITPOINT WARNING * * *
The yak barely misses you. x2
It was a potion of degeneration.
There was something very wrong with that liquid.
You feel weakened.
You feel dopey.
You feel clumsy. The yak closely misses you.
The yak gores you but does no damage. The yak gores you.
* * * LOW HITPOINT WARNING * * *
The yak gores you.
* * * LOW HITPOINT WARNING * * *
Casting: Static Discharge (safe; 1% risk of failure)
Confirm with . or Enter, or press ? or * to list all spells.
You feel quick. The yak gores you!
You die...

######### #######
......... ......
......... .<...
..##############...
..................
......#### #.††# ####..#
#.YY# ####..# #.Y@#
......########...####
......................
......................
.....#################
.....#
.....#################...
.........................
.........................


You could see 3 yaks.

Vanquished Creatures
  A two-headed ogre (D:9)
  The ghost of Mgcat the Digger, a novice DrEE of Vehumet (D:7)
  Pikel (D:8)
  Joseph (D:7)
  The ghost of Mgcat the Magician, a novice DEEE (D:5)
  A hornet (D:7)
  2 hippogriffs
  3 yaks (D:9)
  Eustachio (D:5)
  A hungry ghost (D:9)
  Edmund (D:5)
  Duvessa (D:7)
  An ice beast (D:7)
  4 orc warriors
  A sky beast (D:9)
  2 slaves (D:8)
  A black bear (D:8)
  5 ogres
  5 centaurs
  2 phantoms
  7 bullfrogs
  A gnoll sergeant (D:5)
  Dowan (D:6)
  A water moccasin zombie (D:5)
  3 scorpions
  5 crimson imps
  A bullfrog zombie (D:8)
  A centaur zombie (D:9)
  5 hounds
  3 jellies
  3 orc priests
  A bullfrog skeleton (D:9)
  3 iguanas
  Natasha (thrice) (D:3)
  10 orc wizards
  6 worker ants
  A hound zombie (D:8)
  A hound skeleton (D:4)
  6 gnolls
  8 adders
  2 oozes (D:5)
  7 worms
  2 dart slugs
  4 leopard geckos
  41 orcs
  12 bats
  6 giant cockroaches
  7 goblins
  4 hobgoblins
  16 jackals
  5 kobolds
  A quokka (D:3)
  4 ball pythons
  3 frilled lizards
  A quokka skeleton (D:5)
  13 rats
234 creatures vanquished.

Vanquished Creatures (others)
  2 jellies (D:8)
2 creatures vanquished.

Grand Total: 236 creatures vanquished

Notes
Turn   | Place    | Note
-------+----------+-------------------------------------------
     0 | D:1      | Mgcat the Draconian Air Elementalist began the quest for the Orb.
     0 | D:1      | Reached XP level 1. HP: 14/14 MP: 3/3
   233 | D:1      | Reached XP level 2. HP: 16/20 MP: 1/5
   472 | D:1      | You fall through a shaft!
   791 | D:2      | Reached XP level 3. HP: 26/26 MP: 3/6
  1068 | D:2      | Reached skill level 2 in Conjurations
  1103 | D:2      | Found an ancient bone altar of Kikubaaqudgha.
  1189 | D:1      | Learned a level 2 spell: Swiftness
  1193 | D:1      | Learned a level 3 spell: Static Discharge
  1657 | D:2      | Found a glowing silver altar of Zin.
  1777 | D:3      | Found a hazy altar of Hepliaklqana.
  1930 | D:3      | Reached XP level 4. HP: 33/33 MP: 2/8
  2084 | D:3      | HP: 7/33 [gnoll (7)]
  2085 | D:3      | Reached skill level 3 in Spellcasting
  2342 | D:3      | Noticed Natasha
  2354 | D:3      | Killed Natasha
  2354 | D:3      | Reached skill level 4 in Air Magic
  2537 | D:3      | Reached XP level 5. HP: 37/38 MP: 3/9
  2537 | D:3      | Reached skill level 3 in Conjurations
  2538 | D:3      | Noticed Natasha
  2612 | D:3      | Killed Natasha
  2744 | D:3      | Noticed Natasha
  2766 | D:3      | Killed Natasha
  2921 | D:3      | Learned a level 4 spell: Airstrike
  3031 | D:3      | Reached XP level 6. HP: 40/45 MP: 5/11
  3293 | D:3      | Found a snail-covered altar of Cheibriados.
  3485 | D:3      | Found a blossoming altar of Fedhas.
  3503 | D:3      | Noticed an oklob plant
  3616 | D:4      | Reached skill level 4 in Spellcasting
  3717 | D:4      | Reached skill level 4 in Conjurations
  3717 | D:4      | Reached skill level 5 in Air Magic
  3757 | D:4      | Your scales start taking on a golden yellow colour.
  3757 | D:4      | Reached XP level 7. HP: 19/50 MP: 4/13
  3883 | D:4      | Found a radiant altar of Vehumet.
  3901 | D:4      | Became a worshipper of Vehumet
  4636 | D:4      | Found Exteg's Armour Emporium.
  4699 | D:4      | Found a shadowy altar of Dithmenos.
  4954 | D:5      | Entered Level 5 of the Dungeon
  4994 | D:5      | Found a stormy altar of Qazlal.
  4995 | D:5      | Noticed a fire elemental
  4995 | D:5      | Noticed an air elemental
  4995 | D:5      | Noticed a water elemental
  5119 | D:5      | Noticed Edmund
  5139 | D:5      | Killed Edmund
  5314 | D:5      | Found a sacrificial altar of Ru.
  5354 | D:5      | Reached skill level 5 in Spellcasting
  5354 | D:5      | Reached skill level 5 in Conjurations
  5354 | D:5      | Reached skill level 6 in Air Magic
  5361 | D:5      | Reached XP level 8. HP: 29/57 MP: 0/15
  5508 | D:5      | Noticed Eustachio
  5578 | D:5      | Killed Eustachio
  5753 | D:5      | Noticed Mgcat's ghost (novice DEEE)
  5849 | D:5      | Killed Mgcat's ghost
  5849 | D:5      | Reached skill level 6 in Conjurations
  5849 | D:5      | Reached skill level 7 in Air Magic
  5856 | D:5      | Learned a level 5 spell: Lightning Bolt
  5988 | D:5      | Found a burning altar of Makhleb.
  6048 | D:5      | Found a staircase to the Ecumenical Temple.
  6068 | D:5      | Reached skill level 6 in Spellcasting
  6487 | D:5      | Reached * piety under Vehumet
  6487 | D:5      | Offered knowledge of Sandblast by Vehumet.
  6490 | D:5      | Learned a level 1 spell: Sandblast
  6823 | D:6      | Reached XP level 9. HP: 53/62 MP: 13/18
  7376 | D:6      | Found a white marble altar of Elyvilon.
  7490 | D:7      | Reached skill level 7 in Conjurations
  7490 | D:7      | Reached skill level 1 in Earth Magic
  7507 | D:7      | Noticed Mgcat's ghost (novice DrEE)
  7589 | D:7      | Killed Mgcat's ghost
  7589 | D:7      | Reached skill level 7 in Spellcasting
  7589 | D:7      | Reached skill level 8 in Air Magic
  7589 | D:7      | Reached skill level 2 in Earth Magic
  7606 | D:7      | Noticed Duvessa
  7700 | D:7      | Noticed Dowan
  7702 | D:7      | Killed Duvessa
  7716 | D:6      | Killed Dowan
  8020 | D:7      | Found a deep blue altar of Sif Muna.
  8063 | D:7      | Found an ornate altar of the Wu Jian Council.
  8085 | D:7      | Found an opulent altar of Gozag.
  8101 | D:7      | Noticed Joseph
  8105 | D:7      | Reached skill level 3 in Earth Magic
  8106 | D:7      | Killed Joseph
  8619 | D:7      | Found a hide-covered altar of Uskayaw.
  8748 | D:8      | Reached skill level 8 in Conjurations
  8816 | D:8      | Noticed Pikel
  8835 | D:8      | Killed Pikel
  8835 | D:8      | Reached skill level 1 in Fighting
  8835 | D:8      | Reached skill level 2 in Dodging
  8835 | D:8      | Reached skill level 4 in Earth Magic
  8835 | D:8      | Reached XP level 10. HP: 62/71 MP: 0/21
  8953 | D:8      | Offered knowledge of Flame Tongue by Vehumet.
  9000 | D:8      | Reached ** piety under Vehumet
  9427 | D:8      | Found a deep blue altar of Sif Muna.
  9529 | D:8      | Reached skill level 2 in Fighting
  9916 | D:8      | Reached skill level 9 in Air Magic
 10091 | D:9      | Offered knowledge of Mephitic Cloud by Vehumet.
 10126 | D:9      | Noticed a two-headed ogre
 10128 | D:9      | HP: 15/74 [ogre/giant spiked club (23)]
 10144 | D:9      | Reached skill level 3 in Dodging
 10193 | D:9      | Reached skill level 8 in Spellcasting
 10392 | D:9      | Reached *** piety under Vehumet
 10461 | D:9      | Reached skill level 3 in Fighting
 10669 | D:9      | Killed a two-headed ogre
 10669 | D:9      | Reached skill level 5 in Earth Magic
 10954 | D:9      | HP: 19/78 [yak (6)]
 10957 | D:9      | Slain by a yak

Vault maps used:
D:1:      matt_arrival_refuge
D:2:      marbit_many_paths, old_standard_altar
D:3:      tgw_fedhas, kennysheep_slug_shrine, lemuel_round_altar, uniq_natasha
D:4:      lemuel_coloured_pillars_altar, lemuel_doored_altar, first_ration,
          serial_shops, nicolae_shop_temple_entry_statues_fountains, minivault_5
D:5:      nicolae_overflow_hidden_temple, nicolae_qazlal_style_of_elements,
          old_standard_altar, temple_green, st_stairs_7, uniq_eustachio,
          uniq_edmund
D:6:      kennysheep_mini_moat
D:7:      kennysheep_little_box, old_standard_altar,
          nicolae_overflow_crystal_walls, grunt_ogre_cave, led_sif_pool,
          uniq_joseph, uniq_duvessa
D:8:      kennysheep_mini, uniq_pikel

Skill      XL: |  1  2  3  4  5  6  7  8  9 10 |
---------------+-------------------------------+-----
Conjurations   | 2 3 4 5 6 8 |  8.8
Spellcasting   | 3 4 5 6 7 8 |  8.3
Air Magic      | 4 5 6 7 8 9 |  9.4
Earth Magic    | 4 5 |  5.2
Fighting       | 1 3 |  3.7
Dodging        | 2 3 |  3.7
Stealth        | |  1.7

Action                   |  1- 3 |  4- 6 |  7- 9 | 10-12 || total
-------------------------+-------+-------+-------+-------++-------
Melee: Dagger            |    32 |    17 |     4 |       ||    53
       Tailslap          |     4 |     1 |     2 |     3 ||    10
       Flail             |       |       |    15 |    58 ||    73
 Cast: Shock             |    92 |   142 |   239 |   121 ||   594
       Static Discharge  |       |     2 |     9 |     4 ||    15
       Swiftness         |       |     1 |     1 |     1 ||     3
       Airstrike         |       |       |    20 |    29 ||    49
       Lightning Bolt    |       |       |     9 |     8 ||    17
  Use: Scroll            |       |       |     2 |    12 ||    14
       Potion            |       |       |     2 |     2 ||     4
  Eat: Chunk             |     4 |     6 |    14 |     6 ||    30
       Ration            |       |       |     2 |     4 ||     6
Armor: Skin              |    13 |    34 |    46 |    48 ||   141
Dodge: Dodged            |    26 |    76 |    62 |    76 ||   240

Table legend:
 A = Spawn XP
 B = Non-spawn XP
 C = Spawn XP percentage of total XP
 D = Spawn monster count
 E = Non-spawn monster count
 F = Spawn count percentage of total count
 G = Total turns spent on level
                    A         B        C        D         E        F      G
               +---------+---------+-------+---------+---------+-------+---------
         Total |       0 |   10794 |   0.0 |       0 |     232 |   0.0 | 10957
               +---------+---------+-------+---------+---------+-------+---------
           D:1 |       0 |      29 |   0.0 |       0 |      18 |   0.0 |   724
           D:2 |       0 |      60 |   0.0 |       0 |      23 |   0.0 |  1055
           D:3 |       0 |     382 |   0.0 |       0 |      49 |   0.0 |  1831
           D:4 |       0 |     464 |   0.0 |       0 |      21 |   0.0 |  1413
           D:5 |       0 |    1594 |   0.0 |       0 |      28 |   0.0 |  1622
           D:6 |       0 |     748 |   0.0 |       0 |      24 |   0.0 |  1133
           D:7 |       0 |    2157 |   0.0 |       0 |      11 |   0.0 |   953
           D:8 |       0 |    2014 |   0.0 |       0 |      32 |   0.0 |  1327
           D:9 |       0 |    3346 |   0.0 |       0 |      26 |   0.0 |   899
               +---------+---------+-------+---------+---------+-------+---------

Vault maps used:
D:1:      matt_arrival_refuge
D:2:      marbit_many_paths, old_standard_altar
D:3:      tgw_fedhas, kennysheep_slug_shrine, lemuel_round_altar, uniq_natasha
D:4:      lemuel_coloured_pillars_altar, lemuel_doored_altar, first_ration,
          serial_shops, nicolae_shop_temple_entry_statues_fountains, minivault_5
D:5:      nicolae_overflow_hidden_temple, nicolae_qazlal_style_of_elements,
          old_standard_altar, temple_green, st_stairs_7, uniq_eustachio,
          uniq_edmund
D:6:      kennysheep_mini_moat
D:7:      kennysheep_little_box, old_standard_altar,
          nicolae_overflow_crystal_walls, grunt_ogre_cave, led_sif_pool,
          uniq_joseph, uniq_duvessa
D:8:      kennysheep_mini, uniq_pikel

Table legend:
 A = Turns spent in this place as a percentage of turns spent in the entire game.
 B = Non-inter-level travel turns spent in this place as a percentage of non-inter-level travel turns spent in the entire game.
 C = Inter-level travel turns spent in this place as a percentage of turns spent in this place.
 D = Turns resting spent in this place as a percentage of non-inter-level travel turns spent in this place.
 E = Turns spent auto-exploring this place as a percentage of non-inter-level travel turns spent in this place.
 F = Non-inter-level travel turns spent in this place divided by the number of levels of this place that you've seen.
                   A       B       C       D       E      F
               +-------+-------+-------+-------+-------+----------------------
         Total | 100.0 | 100.0 |   3.7 |   1.7 |  81.9 | 1172.1
       Dungeon | 100.0 | 100.0 |   3.7 |   1.7 |  81.9 | 1172.1
               +-------+-------+-------+-------+-------+----------------------

Table legend:
 A = Kills in this place as a percentage of kills in entire the game.
 B = Kills by you in this place as a percentage of kills by you in the entire game.
 C = Kills by friends in this place as a percentage of kills by friends in the entire game.
 D = Other kills in this place as a percentage of other kills in the entire game.
 E = Experience gained in this place as a percentage of experience gained in the entire game.
 F = Experience gained in this place divided by the number of levels of this place that you have seen.
                   A       B       C       D       E      F
               +-------+-------+-------+-------+-------+----------------------
         Total | 100.0 | 100.0 |   N/A |   N/A | 100.0 | 1199.3
       Dungeon | 100.0 | 100.0 |   N/A |   N/A | 100.0 | 1199.3
               +-------+-------+-------+-------+-------+----------------------
